Map: Garden of Shadows

Players

LeaveIsThnx

  • Race: Zerg Zerg
  • Spawn Location: 5:00

cubic

  • Race: Protoss Protoss
  • Spawn Location: 5:00

DarthVolan

  • Race: Zerg Zerg
  • Spawn Location: 7:00

Dåseslayer

  • Race: Zerg Zerg
  • Spawn Location: 7:00

ММихан - Winner!

  • Race: Protoss Protoss
  • Spawn Location: 11:00

Gurami - Winner!

  • Race: Terran Terran
  • Spawn Location: 1:00

Amix - Winner!

  • Race: Terran Terran
  • League: Platinum
  • Spawn Location: 1:00

tozemart - Winner!

  • Race: Zerg Zerg
  • League: Platinum
  • Spawn Location: 11:00

VOD

Have the link to the VOD?

Description

Time

  • Played on: Nov. 29, 2016, 5:55 a.m.
  • Length: 29:58
Show
View Real Time Build Order
Export as new Build Order

LeaveIsThnx Zerg 

Build Orders: Pool First 

Get SALT Encoding   

  12  0:35  Drone x2  
  14  0:38  Overlord  
  14  1:52  Drone  
  14  1:53  Drone x2  
  17  2:02  Spawning Pool  
  16  2:08  Drone  
  16  2:11  Extractor  
  16  2:12  Hatchery, Extractor  
  14  2:16  Hatchery  
  14  2:19  Drone  
  14  2:26  Hatchery  
  13  2:32  Drone  
  14  2:38  Drone  
  15  2:46  Drone  
  16  2:56  Queen  
  16  2:57  Drone  
  19  3:07  Drone  
  20  3:15  Metabolic Boost  
  20  3:18  Drone  
  21  3:25  Drone  
  22  3:29  Drone  
  22  3:30  Drone  
  24  3:36  Lair  
  24  3:38  Drone x2  
  24  3:39  Drone  
  27  3:45  Drone  
  27  3:48  Drone  
  29  3:58  Drone x3  
  32  4:04  Drone x2  
  32  4:09  Drone x2  
  36  4:20  Drone  
  36  4:21  Drone x3  
  40  4:24  Spore Crawler  
  39  4:36  Spire  
  39  4:37  Drone x2  
  40  4:47  Spire  
  39  4:53  Extractor  
  39  4:55  Drone x2  
  39  4:56  Extractor  
  39  4:57  Overlord  
  39  5:03  Queen, Extractor  
  39  5:04  Overlord  
  39  5:05  Extractor  
  39  5:06  Drone  
  40  5:17  Drone x4  
  40  5:18  Drone x3  
  47  5:22  Overlord  
  47  5:26  Overlord  
  47  5:31  Drone  
  47  5:32  Drone x2  
  47  5:34  Drone  
  51  5:38  Drone x2  
  51  5:39  Drone  
  51  5:42  Drone  
  55  5:43  Drone  
  56  5:54  Drone x3  
  56  5:55  Drone x3  
  63  5:57  Drone x2  
  63  6:03  Zerg Flyer Weapons Level 1  
  64  6:05  Zerg Flyer Armor Level 1  
  64  6:21  Spore Crawler  
  64  6:25  Spore Crawler  
  62  6:28  Overlord  
  62  6:29  Overlord x2  
  62  6:30  Mutalisk x4  
  70  6:33  Mutalisk  
  72  6:41  Overlord  
  72  6:51  Spore Crawler  
  72  6:53  Spore Crawler  
  70  6:54  Spore Crawler  
  70  6:56  Mutalisk x3  
  70  6:57  Mutalisk, Spore Crawler  
  70  6:58  Mutalisk  
  78  7:01  Mutalisk  
  78  7:04  Pneumatized Carapace  
  80  7:10  Drone x4  
  80  7:12  Drone  
  85  7:24  Mutalisk x4  
  93  7:30  Mutalisk  
  95  7:40  Spore Crawler  
  95  7:42  Spore Crawler  
  63  8:36  Mutalisk  
  63  8:37  Mutalisk x10  
  63  8:39  Overlord x2  
  63  8:40  Zergling x6  
  63  8:41  Zergling x2  
  89  8:53  Mutalisk x2  
  93  8:56  Zergling x4  
  93  8:57  Queen  
  97  9:03  Mutalisk x2  
  101  9:22  Mutalisk x3  
  107  9:30  Drone x3  
  107  9:31  Drone x4  
  113  9:32  Zerg Flyer Weapons Level 2  
  113  9:35  Overlord  
  114  9:39  Spore Crawler  
  114  9:44  Spore Crawler  
  112  9:47  Spore Crawler  
  112  9:51  Baneling Nest  
  110  9:54  Overseer x2  
  109  10:19  Mutalisk x3  
  109  10:20  Mutalisk x3  
  109  10:21  Overlord x3  
  121  10:37  Baneling x8  
  121  10:38  Baneling x2  
  121  10:40  Overlord  
  121  10:41  Overlord  
  121  10:47  Hatchery  
  120  10:51  Centrifical Hooks  
  120  10:54  Zerg Flyer Armor Level 2  
  120  11:09  Zergling x6  
  120  11:10  Zergling x18  
  132  11:33  Baneling x2  
  132  11:34  Baneling x7  
  132  11:46  Overseer  
  120  12:30  Zergling x22  
  120  12:31  Zergling x8  
  134  12:58  Zergling x10  
  135  12:59  Zergling x6  
  140  13:11  Mutalisk x2  
  140  13:12  Mutalisk x2  
  144  13:19  Zergling x8  
  148  13:23  Evolution Chamber  
  148  13:25  Evolution Chamber  
  146  13:30  Infestation Pit  
  131  14:06  Hydralisk Den  
  126  14:17  Zergling x2  
  126  14:18  Corruptor x4  
  126  14:19  Corruptor x7  
  126  14:23  Hive  
  146  14:26  Zerg Ground Armor Level 1, Zerg Missile Weapons Level 1  
  146  14:31  Evolution Chamber  
  142  14:52  Spore Crawler  
  133  15:37  Baneling x5  
  133  15:38  Baneling x3  
  103  16:00  Drone x4  
  103  16:01  Drone x5  
  112  16:22  Hatchery  
  111  16:33  Zergling x2  
  111  16:34  Zergling x16  
  117  16:56  Hydralisk x2  
  117  16:58  Overlord x3  
  117  17:00  Grooved Spines  
  121  17:02  Zerg Ground Armor Level 2, Zerg Missile Weapons Level 2, Zerg Melee Weapons Level 1  
  121  17:05  Greater Spire  
  121  17:06  Zerg Flyer Armor Level 3  
  120  17:09  Hatchery  
  119  17:32  Baneling  
  119  17:33  Baneling x5  
  119  17:35  Zergling x14  
  119  17:36  Zergling x4  
  128  17:41  Spore Crawler  
  127  17:44  Spore Crawler  
  127  17:47  Burrow  
  116  18:04  Spore Crawler  
  116  18:05  Spore Crawler  
  114  18:06  Spore Crawler  
  114  18:11  Muscular Augments  
  113  18:14  Corruptor x7  
  127  18:20  Overseer x2  
  127  18:21  Overseer  
  127  18:24  Spore Crawler  
  127  18:26  Spore Crawler  
  125  18:28  Spore Crawler  
  124  18:34  Extractor  
  31  19:34  Zergling x4  
  31  19:35  Zergling x14  
  36  19:44  Zerg Flyer Weapons Level 3  
  30  19:58  Baneling x8  
  30  19:59  Baneling x4  
  17  20:36  Hatchery  
  2  21:16  Zergling x4  
  2  21:17  Zergling x8  
  8  21:28  Zergling x4  
  3  23:21  Overseer  
    24:27  Overseer  
Show
View Real Time Build Order
Export as new Build Order

cubic Protoss 

Build Orders: Forge Fast Expand (FFE) 

Get SALT Encoding   

  12  0:06  Probe (Chrono Boost)  
  13  0:16  Probe (Chrono Boost)  
  14  0:27  Probe (Chrono Boost)  
  15  0:29  Pylon  
  15  0:53  Forge  
  15  0:55  Probe (Chrono Boost)  
  16  1:06  Probe (Chrono Boost)  
  17  1:22  Probe (Chrono Boost)  
  18  1:36  Assimilator  
  18  1:39  Probe (Chrono Boost)  
  19  1:40  Assimilator  
  19  1:42  Nexus  
  19  1:48  Pylon  
  19  1:50  Probe (Chrono Boost)  
  20  1:55  Gateway  
  20  2:00  Probe (Chrono Boost)  
  21  2:02  Photon Cannon  
  21  2:11  Probe (Chrono Boost)  
  22  2:21  Probe (Chrono Boost)  
  23  2:33  Probe (Chrono Boost)  
  24  2:47  Cybernetics Core  
  24  2:53  Pylon  
  24  2:54  Pylon  
  24  3:00  Probe (Chrono Boost)  
  24  3:03  Probe (Chrono Boost)  
  26  3:10  Probe (Chrono Boost)  
  27  3:14  Probe (Chrono Boost)  
  28  3:21  Probe (Chrono Boost)  
  28  3:24  Probe (Chrono Boost)  
  30  3:28  Stargate  
  30  3:30  Stargate  
  30  3:31  Probe (Chrono Boost)  
  31  3:35  Probe (Chrono Boost)  
  32  3:42  Probe (Chrono Boost)  
  32  3:47  Mothership Core (Chrono Boost)  
  35  3:52  Probe (Chrono Boost)  
  36  3:59  Assimilator  
  36  4:03  Probe (Chrono Boost)  
  36  4:04  Assimilator  
  37  4:14  Probe (Chrono Boost), Void Ray (Chrono Boost)  
  42  4:23  Probe (Chrono Boost)  
  43  4:28  Void Ray (Chrono Boost)  
  47  4:33  Probe  
  47  4:37  Probe  
  49  4:45  Probe  
  50  4:54  Void Ray (Chrono Boost)  
  50  4:56  Cybernetics Core  
  50  4:57  Probe  
  55  5:02  Pylon x2  
  55  5:05  Pylon  
  55  5:06  Void Ray (Chrono Boost)  
  59  5:08  Pylon  
  59  5:09  Probe, Pylon  
  59  5:13  Pylon  
  60  5:25  Probe  
  61  5:30  Nexus  
  61  5:35  Phoenix (Chrono Boost)  
  63  5:37  Probe  
  64  5:48  Phoenix (Chrono Boost)  
  64  5:49  Probe  
  67  6:00  Phoenix (Chrono Boost)  
  67  6:01  Protoss Air Weapons Level 1  
  67  6:03  Protoss Air Armor Level 1  
  69  6:05  Protoss Shields Level 1  
  69  6:10  Assimilator  
  69  6:14  Assimilator  
  69  6:19  Phoenix (Chrono Boost)  
  69  6:22  Void Ray (Chrono Boost)  
  75  6:41  Probe, Phoenix (Chrono Boost)  
  78  6:52  Probe  
  79  7:03  Probe  
  74  7:25  Phoenix (Chrono Boost)  
  74  7:26  Phoenix (Chrono Boost)  
  78  7:31  Stargate  
  78  7:38  Probe  
  79  7:47  Phoenix x2 (Chrono Boost)  
  79  7:48  Probe  
  84  8:01  Fleet Beacon  
  84  8:04  Twilight Council  
  84  8:09  Phoenix x2 (Chrono Boost)  
  88  8:18  Phoenix (Chrono Boost)  
  90  8:31  Phoenix x2 (Chrono Boost)  
  96  8:43  Phoenix (Chrono Boost)  
  96  8:52  Phoenix x2 (Chrono Boost)  
  100  9:08  Phoenix (Chrono Boost)  
  102  9:21  Phoenix (Chrono Boost)  
  102  9:22  Phoenix (Chrono Boost)  
  106  9:24  Protoss Air Weapons Level 2  
  106  9:25  Protoss Air Armor Level 2  
  106  9:27  Anion Pulse-Crystals  
  112  9:46  Carrier (Chrono Boost)  
  112  9:48  Carrier (Chrono Boost)  
  118  10:17  Carrier (Chrono Boost)  
  124  10:31  Graviton Catapult  
  124  10:53  Pylon  
  124  10:54  Pylon  
  124  10:57  Pylon  
  124  10:59  Pylon  
  124  11:01  Pylon  
  124  11:03  Pylon  
  124  11:05  Pylon  
  124  11:13  Carrier x2 (Chrono Boost)  
  148  11:32  Carrier (Chrono Boost)  
  148  11:44  Protoss Air Weapons Level 3  
  94  13:14  Carrier x3 (Chrono Boost)  
  112  14:38  Carrier x3 (Chrono Boost)  
  130  14:39  Protoss Air Armor Level 3  
  110  16:08  Carrier x3 (Chrono Boost)  
  130  17:08  Mothership Core  
  148  17:23  Carrier x3 (Chrono Boost)  
  112  18:13  Protoss Shields Level 2  
  112  18:37  Carrier x3 (Chrono Boost)  
  88  20:15  Carrier (Chrono Boost)  
  88  20:16  Carrier x2 (Chrono Boost)  
Show
View Real Time Build Order
Export as new Build Order

DarthVolan Zerg 

Build Orders: Pool First 

Get SALT Encoding   

  12  0:02  Drone  
  13  0:13  Drone  
  14  0:28  Spawning Pool  
  13  0:30  Drone  
  14  0:36  Extractor  
  14  0:37  Drone  
  15  0:44  Overlord  
  15  0:57  Overlord  
  15  1:06  Extractor  
  15  1:08  Drone x2  
  16  1:15  Queen  
  18  1:23  Zergling x2  
  19  1:37  Drone  
  19  1:38  Drone  
  21  1:49  Drone  
  22  2:04  Zergling x2  
  23  2:13  Metabolic Boost  
  23  2:15  Hatchery  
  21  2:31  Zergling x2  
  21  2:32  Zergling x8  
  26  2:38  Baneling Nest  
  25  3:00  Drone  
  25  3:01  Drone x2  
  28  3:06  Queen  
  28  3:09  Overlord  
  28  3:12  Overlord  
  30  3:40  Zergling x2  
  30  3:41  Zergling x10  
  36  3:42  Burrow  
  36  3:52  Zergling x6  
  33  4:12  Drone x2  
  33  4:13  Extractor  
  34  4:20  Zergling x2  
  34  4:22  Drone  
  36  4:27  Drone x7  
  43  4:38  Roach Warren  
  43  4:40  Drone x2  
  44  4:57  Drone x3  
  47  5:08  Spore Crawler  
  47  5:11  Drone, Spore Crawler  
  47  5:12  Drone x3, Spine Crawler  
  48  5:15  Spine Crawler  
  48  5:16  Overlord  
  47  5:25  Zergling x2  
  47  5:26  Roach x2  
  52  5:32  Overlord  
  52  5:41  Lair  
  52  5:43  Roach  
  52  5:44  Roach  
  52  5:45  Roach  
  52  5:48  Roach  
  60  6:10  Extractor  
  60  6:11  Drone x9  
  60  6:13  Extractor  
  67  6:23  Zergling x2  
  67  6:24  Overlord  
  56  7:05  Spore Crawler x2  
  56  7:06  Spore Crawler x2  
  52  7:36  Drone x18  
  50  7:44  Overlord x3  
  44  8:21  Queen  
  39  8:52  Hydralisk Den  
  36  8:56  Pneumatized Carapace  
  23  9:18  Drone  
  23  9:19  Drone x2  
  23  9:20  Spore Crawler  
  23  9:23  Spore Crawler  
  24  9:42  Hatchery  
  23  9:47  Hydralisk x2  
  23  9:50  Grooved Spines  
  27  10:00  Drone  
  27  10:01  Hatchery  
  27  10:32  Queen  
  29  10:38  Zergling x2  
  29  10:39  Hydralisk x2  
  34  10:45  Centrifical Hooks  
  34  11:09  Queen  
  36  11:16  Drone x6  
  42  11:20  Drone  
  43  11:47  Hydralisk  
  43  11:48  Hydralisk x2  
  49  12:01  Zergling x2  
  49  12:02  Zergling x6  
  51  12:27  Zergling x10  
  21  13:14  Zergling x12  
  21  13:15  Zergling x2  
Show
View Real Time Build Order
Export as new Build Order

Dåseslayer Zerg 

Build Orders: Hatch First 

Get SALT Encoding   

  12  0:01  Drone  
  13  0:13  Overlord  
  13  0:20  Drone  
  14  0:32  Drone x2  
  16  0:37  Drone  
  17  0:57  Drone  
  18  0:59  Hatchery  
  18  1:00  Drone  
  18  1:05  Extractor  
  18  1:07  Drone  
  18  1:22  Drone  
  19  1:27  Spawning Pool  
  19  1:31  Drone  
  19  1:40  Overlord  
  19  1:52  Drone  
  20  1:57  Extractor  
  19  2:03  Drone  
  20  2:12  Drone x2  
  20  2:14  Queen  
  20  2:15  Metabolic Boost  
  24  2:16  Queen  
  26  2:28  Drone x2  
  28  2:34  Spore Crawler  
  28  2:36  Zergling x4  
  29  2:45  Drone  
  29  2:46  Drone  
  31  2:59  Queen  
  31  3:01  Lair  
  31  3:05  Drone  
  34  3:07  Drone  
  34  3:10  Drone  
  36  3:16  Overlord  
  36  3:34  Drone x3  
  36  3:35  Drone x4  
  36  3:40  Extractor  
  42  3:41  Overlord  
  42  3:45  Drone  
  42  3:46  Drone  
  44  4:09  Drone x2, Extractor  
  45  4:12  Overlord x3  
  45  4:19  Infestation Pit  
  45  4:22  Evolution Chamber  
  43  4:27  Burrow  
  43  4:30  Drone x3  
  44  4:42  Zergling x4  
  44  4:45  Zergling x2  
  47  4:51  Zerg Missile Weapons Level 1  
  47  4:56  Hatchery  
  46  5:04  Infestor x3  
  46  5:05  Infestor  
  54  5:12  Pathogen Glands  
  54  5:51  Infestor x3  
  60  5:57  Drone x2  
  60  5:58  Drone x7  
  60  5:59  Drone x3  
  60  6:00  Overlord x2  
  72  6:16  Infestor x7  
  72  6:24  Drone x5  
  72  6:25  Drone  
  78  6:36  Extractor  
  78  6:38  Extractor  
  76  6:44  Infestor x2  
  76  6:45  Infestor x2  
  84  6:49  Spore Crawler  
  83  7:14  Infestor x2  
  87  7:25  Drone x3, Spore Crawler  
  87  7:26  Drone  
  90  7:30  Drone x2, Spore Crawler  
  88  7:41  Drone x3  
  88  7:42  Drone x2  
  88  7:54  Zerg Missile Weapons Level 2  
  88  7:59  Queen  
  88  8:04  Infestor x10  
  88  8:06  Infestor  
  88  8:08  Overlord x4  
  90  8:26  Queen  
  64  8:53  Infestor x5  
  64  8:54  Infestor x2, Zergling x2  
  64  8:55  Zergling x12  
  78  9:00  Zergling x6  
  82  9:27  Overlord x5  
  82  9:38  Drone, Spore Crawler  
  81  9:41  Overlord x2  
  81  9:42  Overlord x2  
  81  9:44  Queen  
  84  10:12  Drone x4  
  88  10:18  Zerg Ground Armor Level 1  
  88  10:20  Hydralisk Den  
  87  10:21  Hive  
  87  10:57  Hatchery  
  74  12:17  Hydralisk x11  
  74  12:18  Hydralisk x25  
  146  12:25  Overlord x4  
  146  12:26  Overlord  
  68  13:06  Hydralisk x6  
  68  13:07  Hydralisk x9  
  60  13:34  Spine Crawler  
  60  13:35  Spine Crawler  
  60  13:39  Spine Crawler  
  60  13:40  Lair  
  57  13:43  Spawning Pool  
  56  13:53  Overlord x3  
  56  13:54  Baneling Nest  
  55  14:11  Queen  
  41  14:32  Drone  
  41  14:33  Drone x6  
  41  14:34  Drone  
  50  14:38  Zergling x2  
  50  14:39  Zergling x6  
  50  14:45  Centrifical Hooks  
  53  15:06  Drone  
  53  15:07  Drone x3  
  56  15:10  Hatchery  
  56  15:33  Hydralisk Den  
  55  16:00  Drone x5  
  55  16:01  Overlord  
  55  16:02  Overlord x12  
  60  16:19  Queen  
  64  16:32  Spore Crawler  
  64  16:35  Spore Crawler  
  59  16:40  Hydralisk  
  59  16:41  Hydralisk x6  
  59  16:42  Hydralisk  
  71  17:09  Hydralisk x6  
  71  17:10  Hydralisk  
  85  17:37  Hatchery  
  84  17:46  Grooved Spines  
  84  18:02  Spore Crawler  
  84  18:05  Spore Crawler  
  82  18:16  Drone x5  
  87  18:33  Spore Crawler  
  87  18:34  Drone x2  
  88  18:36  Drone  
  77  19:20  Hydralisk  
  77  19:21  Hydralisk x7  
  77  19:22  Hydralisk  
  57  19:25  Hydralisk  
  59  19:35  Hydralisk x2  
  59  19:37  Hydralisk  
  63  19:43  Lurker Den  
  63  19:51  Hydralisk x2  
  67  20:01  Zergling x10  
  67  20:02  Zergling x2  
  73  20:19  Hydralisk x2  
  73  20:20  Hydralisk x2  
  81  20:22  Baneling x3  
  81  20:23  Baneling x2  
  81  20:24  Baneling  
  81  20:28  Baneling  
  81  20:29  Baneling x2  
  81  20:37  Baneling  
  81  20:40  Baneling x2  
  81  20:42  Baneling  
  81  20:45  Baneling  
  81  20:47  Baneling  
  81  21:10  Hydralisk  
  81  21:11  Hydralisk x10  
  83  21:14  Lurker x2  
  105  21:26  Hydralisk x3  
  111  21:36  Lurker  
  111  21:37  Lurker x4  
  116  21:47  Zergling x2  
  116  21:48  Zergling x8  
  121  22:09  Baneling x2  
  121  22:10  Baneling x4  
  121  22:15  Hydralisk  
  121  22:16  Hydralisk x12  
  147  22:23  Lurker x2  
  147  22:24  Lurker x2  
  151  22:32  Extractor  
  151  22:33  Extractor  
  149  22:45  Baneling  
  149  23:18  Spore Crawler x2  
  116  24:02  Zergling x2  
  116  24:03  Zergling x36  
  116  24:04  Zergling x2  
  133  24:21  Zergling x6  
  134  24:51  Zergling x20  
  144  24:55  Overseer x2  
  120  25:43  Baneling x3  
Show
View Real Time Build Order
Export as new Build Order

ММихан Protoss - Winner!

Build Orders: Cannon Rush 

Get SALT Encoding   

  12  0:03  Probe (Chrono Boost)  
  13  0:13  Probe (Chrono Boost)  
  14  0:28  Pylon  
  14  0:31  Probe (Chrono Boost)  
  15  0:46  Probe (Chrono Boost)  
  16  0:54  Gateway  
  16  0:56  Probe (Chrono Boost)  
  16  0:57  Forge  
  17  1:07  Probe (Chrono Boost)  
  18  1:12  Pylon  
  18  1:17  Probe (Chrono Boost)  
  19  1:28  Probe (Chrono Boost)  
  19  1:32  Photon Cannon  
  20  1:34  Photon Cannon  
  20  1:42  Photon Cannon  
  20  1:52  Photon Cannon  
  20  1:59  Probe (Chrono Boost)  
  21  2:10  Probe (Chrono Boost)  
  22  2:29  Pylon  
  22  2:39  Nexus  
  22  2:45  Assimilator  
  22  2:47  Assimilator  
  22  2:53  Pylon  
  22  2:54  Probe (Chrono Boost)  
  23  3:04  Probe (Chrono Boost)  
  24  3:05  Pylon  
  24  3:15  Probe (Chrono Boost)  
  25  3:25  Probe (Chrono Boost)  
  26  3:33  Assimilator  
  26  3:36  Probe (Chrono Boost), Cybernetics Core  
  26  3:37  Assimilator  
  27  3:47  Probe (Chrono Boost)  
  28  3:51  Probe (Chrono Boost), Pylon  
  29  3:57  Probe (Chrono Boost)  
  29  4:02  Probe (Chrono Boost)  
  31  4:12  Probe (Chrono Boost)  
  32  4:23  Probe (Chrono Boost)  
  32  4:24  Stargate  
  33  4:26  Stargate  
  33  4:31  Probe (Chrono Boost)  
  33  4:34  Probe (Chrono Boost)  
  35  4:42  Probe (Chrono Boost)  
  35  4:44  Probe (Chrono Boost)  
  37  4:45  Stargate  
  38  4:53  Probe (Chrono Boost)  
  38  4:55  Probe (Chrono Boost)  
  39  5:03  Probe (Chrono Boost)  
  40  5:08  Phoenix  
  40  5:09  Phoenix  
  40  5:14  Probe (Chrono Boost)  
  45  5:17  Fleet Beacon  
  45  5:20  Probe (Chrono Boost)  
  46  5:29  Phoenix  
  46  5:30  Probe (Chrono Boost)  
  46  5:33  Phoenix  
  51  5:37  Phoenix  
  51  5:42  Probe (Chrono Boost)  
  54  5:54  Phoenix  
  56  5:57  Pylon  
  56  6:02  Anion Pulse-Crystals (Chrono Boost)  
  56  6:20  Phoenix  
  58  6:33  Pylon  
  58  6:34  Phoenix x2  
  58  6:35  Nexus  
  62  7:02  Phoenix x3  
  66  7:53  Assimilator  
  66  7:56  Probe  
  67  7:59  Assimilator  
  67  8:03  Photon Cannon  
  67  8:05  Photon Cannon  
  67  8:06  Photon Cannon  
  67  8:07  Probe  
  67  8:11  Pylon  
  66  8:15  Pylon  
  66  8:17  Probe  
  65  8:56  Phoenix x2  
  69  9:04  Photon Cannon  
  69  9:06  Protoss Air Weapons Level 1  
  69  9:14  Cybernetics Core  
  69  9:16  Pylon  
  69  9:17  Pylon  
  69  9:21  Phoenix  
  71  9:31  Twilight Council  
  71  9:36  Pylon  
  71  9:38  Protoss Shields Level 1  
  71  9:46  Pylon, Phoenix x3  
  71  9:48  Pylon  
  71  9:52  Stargate  
  77  9:53  Stargate  
  77  9:56  Protoss Air Armor Level 1  
  77  10:10  Phoenix  
  79  10:20  Phoenix x2  
  83  10:32  Photon Cannon  
  83  10:35  Photon Cannon, Phoenix  
  85  10:43  Pylon  
  85  10:44  Phoenix x2  
  85  10:45  Pylon, Phoenix x2  
  93  10:54  Probe  
  94  11:00  Phoenix  
  96  11:05  Photon Cannon, Probe  
  96  11:08  Photon Cannon  
  96  11:09  Phoenix  
  96  11:10  Phoenix  
  96  11:11  Mothership Core  
  103  12:24  Tempest x4  
  103  12:25  Tempest  
  115  13:07  Tempest  
  121  13:38  Tempest x4  
  151  13:42  Protoss Air Weapons Level 2  
  151  13:50  Tempest  
  157  14:40  Protoss Air Armor Level 2  
  157  14:45  Protoss Shields Level 2  
  157  14:53  Photon Cannon  
  157  14:56  Photon Cannon  
  157  14:58  Photon Cannon  
  81  15:33  Phoenix x5  
  67  15:58  Phoenix x5  
  77  16:11  Nexus  
  77  16:23  Phoenix x2  
  77  16:25  Void Ray x3  
  93  16:48  Void Ray x2  
  101  17:06  Assimilator  
  101  17:08  Void Ray  
  105  17:10  Assimilator  
  105  17:20  Void Ray  
  109  18:19  Void Ray x3  
  49  20:15  Void Ray x4  
  49  20:16  Void Ray  
  69  22:39  Void Ray x5  
  89  23:22  Void Ray x5  
  89  24:04  Void Ray  
Show
View Real Time Build Order
Export as new Build Order

Gurami Terran - Winner!

Build Orders:  

Get SALT Encoding   

  12  0:02  SCV  
  13  0:14  SCV  
  14  0:24  Supply Depot  
  14  0:27  SCV  
  15  0:47  Barracks  
  15  0:50  SCV  
  15  0:56  Refinery  
  16  1:00  Refinery  
  16  1:02  SCV  
  17  1:14  SCV  
  18  1:27  SCV  
  19  1:38  Barracks Tech Lab  
  19  1:51  Command Center  
  19  1:54  Engineering Bay  
  19  1:57  SCV  
  20  2:07  Marine  
  21  2:09  SCV  
  22  2:24  Marine  
  23  2:53  Factory  
  23  2:54  Factory  
  23  3:02  SCV, Supply Depot  
  23  3:03  Supply Depot  
  24  3:06  Supply Depot  
  24  3:11  Planetary Fortress  
  24  3:14  SCV  
  25  3:28  Hi-Sec Auto Tracking  
  25  3:39  SCV  
  26  3:42  Factory Tech Lab  
  26  3:44  Factory Tech Lab  
  26  3:51  SCV  
  27  4:03  SCV  
  27  4:05  Missile Turret  
  27  4:07  SCV  
  29  4:15  SCV  
  30  4:19  SCV  
  31  4:25  Missile Turret  
  31  4:28  Siege Tank  
  31  4:29  Siege Tank  
  37  4:31  SCV  
  38  4:46  Armory  
  38  5:02  Armory  
  38  5:09  Missile Turret x2  
  38  5:12  Missile Turret  
  38  5:37  Refinery  
  38  5:41  Refinery  
  38  5:45  Missile Turret  
  38  5:53  SCV  
  39  6:01  Terran Vehicle Weapons Level 1, Terran Vehicle And Ship Armor Level 1  
  39  6:05  SCV  
  40  6:11  Supply Depot  
  40  6:12  Supply Depot  
  40  6:17  SCV  
  41  6:29  SCV  
  42  6:34  Supply Depot x2  
  42  6:36  Thor  
  42  6:39  Thor  
  48  6:41  SCV  
  55  6:52  Orbital Command  
  55  6:53  SCV  
  56  7:05  SCV  
  57  7:18  Command Center  
  57  7:23  Missile Turret  
  57  7:39  Siege Tank x2  
  57  7:43  SCV  
  64  7:55  SCV  
  65  7:59  Terran Vehicle Weapons Level 2, Terran Vehicle And Ship Armor Level 2  
  65  8:07  SCV  
  66  8:18  Missile Turret  
  67  8:20  SCV  
  67  8:29  Refinery  
  67  8:31  Refinery  
  67  8:32  SCV  
  68  8:44  SCV  
  69  9:03  Thor x2  
  81  9:24  Planetary Fortress  
  81  9:34  SCV x2  
  83  9:46  SCV x2  
  83  9:51  Factory  
  83  9:52  Factory  
  85  9:58  SCV x2  
  85  10:38  Factory Tech Lab  
  85  10:39  Factory Tech Lab  
  85  10:41  Thor x2  
  97  10:48  Terran Vehicle Weapons Level 3  
  97  10:50  Neosteel Frame  
  97  11:07  Thor x2  
  109  11:40  Command Center  
  109  12:00  Command Center  
  108  12:09  Building Armor  
  74  12:58  Thor  
  34  14:27  Missile Turret x2  
  34  14:28  Missile Turret  
  34  14:30  Missile Turret  
  34  14:43  Missile Turret x2  
  34  14:45  Missile Turret  
  34  14:47  Missile Turret  
  34  14:49  Missile Turret x2  
  34  14:50  Missile Turret x2  
  34  14:51  Missile Turret x2  
  34  15:09  SCV  
  35  15:15  Factory x2  
  35  15:21  SCV  
  36  15:33  SCV  
  37  15:40  Factory Reactor  
  37  15:45  Factory, SCV  
  37  15:48  Factory  
  38  15:57  SCV  
  38  16:00  Factory Tech Lab  
  38  16:02  Factory Reactor  
  39  16:14  Supply Depot  
  39  16:15  Supply Depot  
  39  16:32  Refinery  
  30  16:34  Refinery  
  30  16:35  Widow Mine  
  30  16:36  Widow Mine  
  30  16:38  Supply Depot  
  30  16:39  Supply Depot  
  32  16:47  Missile Turret  
  25  17:02  Supply Depot  
  25  17:04  Supply Depot  
  19  17:34  Missile Turret  
  19  17:35  Missile Turret x2  
  19  17:38  Missile Turret  
  19  17:56  Factory  
  19  17:57  Factory x2  
  19  18:25  Factory Reactor, Command Center  
  19  18:29  Refinery  
  19  18:45  Factory Tech Lab  
  19  18:46  Factory Reactor x2  
  19  18:55  Refinery  
  19  18:58  Command Center  
  19  19:07  Refinery  
  19  19:14  Widow Mine x3  
  25  19:39  Orbital Command  
  25  19:43  Widow Mine x3  
  31  19:48  Widow Mine x4  
  39  20:11  Widow Mine x2  
  39  20:12  Widow Mine  
  39  20:13  Refinery  
  45  20:17  Widow Mine x4  
  51  20:40  Widow Mine x3  
  55  20:45  Widow Mine x4  
  59  21:09  Widow Mine  
  61  21:27  Widow Mine x4  
  61  21:28  Widow Mine x2  
  73  21:37  Widow Mine  
  75  21:56  Widow Mine x6  
  81  22:49  Widow Mine x6  
  81  22:50  Widow Mine  
  95  23:17  Widow Mine x2  
  95  23:18  Widow Mine  
  101  23:29  Widow Mine x2  
  101  23:30  Widow Mine x2  
  109  23:46  Widow Mine x3  
  109  24:40  SCV  
  110  24:48  Orbital Command  
  110  24:52  SCV  
  111  25:04  SCV  
  112  25:07  Siege Tank  
  115  25:16  SCV  
  116  25:21  Command Center  
  116  25:24  Refinery  
  116  25:28  SCV  
  116  25:30  Armory  
  117  25:48  Siege Tank  
  114  25:50  Refinery  
  106  26:08  Factory Tech Lab x3  
  106  26:23  Supply Depot x2  
  106  26:24  Supply Depot  
  106  26:25  Supply Depot  
  106  26:35  Orbital Command  
  106  26:46  Supply Depot  
  106  26:47  Thor x4, Supply Depot  
  106  26:49  Supply Depot  
  106  26:51  Supply Depot  
  130  27:15  SCV  
  131  27:27  SCV  
  131  27:29  Thor  
  132  27:30  Thor x3  
  156  27:39  SCV  
  157  28:12  Thor x3  
  157  28:13  Thor  
  181  28:55  Thor x2  
  191  29:05  Thor  
Show
View Real Time Build Order
Export as new Build Order

Amix Terran - Winner!

Build Orders:  

Get SALT Encoding   

  12  0:05  SCV  
  13  0:16  Supply Depot  
  13  0:23  SCV  
  14  0:35  SCV  
  15  0:40  Barracks  
  15  0:47  SCV  
  15  0:48  Refinery  
  16  0:59  SCV  
  17  1:08  Engineering Bay  
  17  1:11  SCV  
  18  1:23  SCV  
  19  1:29  Barracks  
  19  1:30  Barracks Tech Lab  
  19  1:35  SCV  
  20  1:40  Refinery  
  20  1:47  SCV  
  20  1:51  Marauder  
  23  1:55  Concussive Shells  
  23  2:13  Supply Depot  
  23  2:15  Supply Depot  
  23  2:17  Barracks Tech Lab  
  23  2:34  SCV  
  24  2:46  SCV  
  24  2:49  Command Center  
  25  2:57  Terran Infantry Weapons Level 1  
  25  2:58  SCV  
  26  3:06  Engineering Bay  
  26  3:10  Marauder  
  28  3:30  Orbital Command  
  28  3:34  Marauder  
  30  3:35  Marauder  
  32  4:02  SCV  
  33  4:07  Terran Infantry Armor Level 1  
  33  4:14  SCV  
  33  4:25  Orbital Command  
  33  4:41  SCV  
  33  4:45  Marine x2  
  36  4:53  SCV  
  36  4:55  Barracks  
  36  4:57  Barracks  
  37  5:02  Barracks  
  37  5:05  SCV  
  37  5:06  SCV  
  39  5:18  SCV x2  
  41  5:22  Marauder x2  
  45  5:43  Marauder, SCV x2  
  45  5:44  Marauder  
  45  5:47  Refinery  
  45  5:48  Refinery  
  51  5:51  Combat Shields  
  51  5:54  Factory  
  51  5:55  SCV x2  
  51  5:56  Barracks Reactor x3  
  53  6:07  SCV  
  54  6:41  Supply Depot  
  54  6:48  Supply Depot  
  54  6:50  Supply Depot  
  54  6:56  Armory  
  54  7:03  Marine x2, SCV x2, Marauder x2  
  62  7:09  Marine x4  
  62  7:15  SCV x2  
  68  7:21  Marine x2  
  70  7:24  Marine, Starport  
  70  7:25  Marauder  
  70  7:27  Marine x3, SCV x2  
  78  7:31  Starport x2  
  78  7:50  Supply Depot  
  78  7:56  Supply Depot  
  78  8:02  Supply Depot  
  78  8:03  Supply Depot  
  78  8:05  Terran Infantry Armor Level 2  
  78  8:10  Starport Reactor x2  
  78  8:11  Marine x5, SCV  
  78  8:12  Marauder  
  86  8:13  Starport Reactor  
  86  8:18  Marine, SCV, Marauder  
  90  8:23  SCV  
  91  8:29  Marine x3  
  91  8:30  SCV  
  95  8:35  Marine, SCV  
  95  8:40  Marauder  
  99  8:42  SCV  
  99  8:48  SCV  
  101  8:57  Medivac x4  
  109  9:08  Supply Depot  
  109  9:09  Supply Depot  
  109  9:10  Supply Depot x2  
  109  9:12  Supply Depot  
  109  9:17  Supply Depot  
  109  9:30  Medivac x2  
  113  9:36  Marine x5  
  113  9:37  Marine  
  113  9:38  Marauder x2  
  123  9:40  Medivac x4  
  131  9:49  Supply Depot  
  131  9:54  Marine x4  
  131  9:56  Supply Depot  
  131  9:58  Terran Infantry Weapons Level 2, Supply Depot  
  131  9:59  Marauder x2  
  139  10:00  Medivac  
  141  10:20  Marauder x2  
  145  10:33  Marine  
  145  10:34  Marine x4  
  150  10:36  Marine  
  150  10:42  Marauder x2  
  155  10:51  Marine x2  
  155  10:52  Marine x3  
  155  10:53  Marine  
  161  11:03  Marauder x2  
  165  11:09  Marine x3  
  168  11:17  Command Center  
  134  15:12  Refinery  
  134  15:14  Refinery  
  134  15:21  Barracks x2, Marine x2  
  134  15:22  Marine x4  
  134  15:23  Barracks x2  
  134  15:25  Barracks x2  
  134  15:27  Barracks  
  134  15:28  Barracks  
  138  15:39  Marine x5  
  138  15:40  Marine  
  78  15:57  Marine x5  
  78  15:58  Marine  
  66  16:13  Barracks Reactor x6  
  66  16:14  Barracks Reactor  
  66  16:15  Marine x3  
  69  16:19  Marine x3  
  69  16:20  Marine x3  
  75  16:27  Marine x3  
  78  16:33  Marine x3  
  78  16:37  Marine x5  
  78  16:38  Marine  
  87  16:45  Marine x3  
  90  16:48  Marine  
  90  16:49  Marine x3  
  90  16:50  Marine x2  
  90  16:51  Marine  
  97  16:55  Marine x6  
  103  17:03  Marine x3  
  103  17:06  Marine x2  
  103  17:07  Marine x2  
  110  17:08  Marine x3  
  110  17:13  Marine x6  
  119  17:21  Marine x3  
  119  17:22  Supply Depot  
  119  17:24  Marine x4  
  119  17:26  Marine x3  
  119  17:28  Supply Depot  
  126  17:30  Marine  
  126  17:31  Marine x5, Supply Depot  
  132  17:38  Marine x2  
  132  17:39  Marine  
  132  17:42  Marine x4  
  135  17:44  Marine x3  
  135  17:48  Marine x3  
  135  17:49  Marine x3  
  140  17:56  Marine x3  
  143  18:00  Marine x3  
  143  18:04  Marine x4  
  150  18:06  Marine x4  
  150  18:07  Marine x2  
  156  18:14  Marine x3  
  156  18:17  Marine  
  156  18:18  Marine x2  
  162  18:22  Marine x4  
  162  18:24  Marine x6  
  172  18:31  Terran Infantry Armor Level 3, Terran Infantry Weapons Level 3  
  138  19:42  Marine x3  
  138  19:43  Marine x10  
  138  19:44  Marine x3  
  154  20:00  Marine x5  
  154  20:01  Marine x9  
  154  20:02  Marine x2  
  170  20:39  Factory  
  170  21:04  Command Center  
  106  22:52  Marine x3  
  106  22:53  Marine x9  
  106  22:54  Marine x4  
  122  23:10  Marine x4  
  103  24:20  Marine x7  
  103  24:21  Marine x9  
  119  24:38  Marine x8  
  121  24:39  Marine x6  
  133  25:11  Marine x10  
  133  25:12  Marine x6  
  149  25:28  Marine x2  
  149  25:29  Marine x10  
  149  25:30  Marine x4  
  165  25:46  Marine x4  
  165  25:47  Marine x10  
  165  25:48  Marine x2  
  114  26:04  Marine x6  
  114  26:05  Marine x9  
  114  26:06  Marine  
  130  26:22  Marine x8  
  130  26:23  Marine x8  
  145  26:40  Marine x9  
  145  26:41  Marine x7  
  160  26:57  Marine x2  
  160  26:58  Marine x9  
  160  26:59  Marine x5  
  172  27:15  Marine x3  
  168  27:16  Marine x10  
  168  27:17  Marine x3  
  174  27:33  Marine x5  
  174  27:34  Marine x4  
  174  27:35  Marine x4  
  174  27:36  Marine x3  
  160  27:51  Marine x7  
  159  27:52  Marine x2  
  159  27:53  Marine x6  
  159  27:54  Marine  
  157  28:09  Marine x3  
  101  28:53  Marine x4  
  101  28:54  Marine x12  
  115  29:11  Marine x7  
Show
View Real Time Build Order
Export as new Build Order

tozemart Zerg - Winner!

Build Orders: Pool First 

Get SALT Encoding   

  12  0:07  Drone  
  12  0:08  Drone  
  14  0:34  Spawning Pool  
  13  0:41  Drone  
  14  0:50  Overlord x2  
  14  0:51  Extractor  
  13  1:17  Drone  
  14  1:20  Hatchery  
  14  1:21  Drone  
  14  1:28  Drone  
  15  1:41  Queen  
  15  1:43  Drone  
  18  1:48  Drone  
  19  1:57  Drone  
  20  2:02  Drone  
  21  2:18  Zergling x2  
  22  2:24  Zergling x2  
  22  2:28  Lair  
  23  2:34  Extractor  
  23  2:35  Zergling x4  
  24  2:46  Drone x2  
  26  2:55  Queen  
  26  2:56  Drone  
  26  2:57  Drone x2  
  31  3:10  Drone  
  31  3:11  Drone x3  
  35  3:15  Extractor  
  35  3:16  Extractor  
  33  3:23  Drone x2  
  35  3:32  Spire  
  34  3:41  Drone x2  
  36  3:43  Overlord  
  36  4:01  Overlord x2  
  36  4:07  Drone x2  
  36  4:08  Drone x2  
  40  4:44  Mutalisk  
  40  4:45  Mutalisk x5  
  52  4:48  Drone x3  
  52  4:50  Drone  
  56  4:56  Zerg Flyer Weapons Level 1  
  56  5:13  Spore Crawler  
  55  5:16  Spore Crawler  
  54  5:23  Mutalisk x3  
  60  5:30  Overlord x2  
  60  5:48  Mutalisk x3  
  66  6:03  Mutalisk  
  68  6:04  Mutalisk  
  68  6:07  Drone x2  
  68  6:08  Drone x3  
  65  6:41  Mutalisk x4  
  67  6:51  Overseer  
  67  6:53  Overseer  
  67  6:59  Zergling x2  
  67  7:00  Zergling x14  
  75  7:11  Overlord x2  
  75  7:27  Metabolic Boost, Hatchery  
  75  7:28  Mutalisk x3  
  73  7:45  Zergling x2  
  73  7:46  Zergling x8  
  77  8:10  Mutalisk x3  
  77  8:11  Mutalisk  
  85  8:32  Mutalisk  
  85  8:33  Mutalisk x2  
  77  8:45  Zergling x2  
  77  8:46  Zergling x10  
  57  9:01  Mutalisk x2  
  44  9:03  Zergling x2  
  42  9:12  Drone x2  
  42  9:13  Drone x2  
  44  9:20  Drone x2  
  44  9:22  Queen  
  48  9:27  Drone x2  
  50  9:38  Hydralisk Den  
  49  9:52  Drone x4  
  53  10:00  Drone x2  
  55  10:13  Mutalisk x2  
  59  10:23  Hatchery  
  59  10:26  Spine Crawler  
  59  10:27  Spine Crawler  
  59  10:28  Drone x2  
  58  10:29  Spine Crawler  
  57  10:43  Zerg Flyer Weapons Level 2  
  57  10:44  Lurker Den  
  57  11:02  Drone x2  
  57  11:03  Drone x4  
  57  11:04  Drone  
  64  11:35  Drone x2  
  64  11:36  Drone x7  
  64  11:37  Drone  
  74  11:47  Overseer x3  
  73  12:15  Zergling x2  
  74  12:16  Zergling x16  
  74  12:17  Extractor  
  74  12:20  Extractor  
  80  12:26  Mutalisk  
  80  12:28  Overlord x5  
  81  12:39  Zergling x2  
  80  12:53  Mutalisk x5  
  90  13:11  Mutalisk x6  
  102  13:35  Mutalisk  
  102  13:36  Mutalisk x5  
  112  13:45  Mutalisk x3  
  118  13:52  Spore Crawler  
  117  13:55  Zerg Flyer Armor Level 1  
  117  13:57  Spore Crawler  
  108  14:15  Zergling x14  
  113  14:28  Spine Crawler  
  113  14:29  Spine Crawler x2  
  109  14:45  Overlord x5  
  106  14:46  Overlord x2  
  106  14:49  Spine Crawler  
  50  15:30  Mutalisk  
  50  15:31  Mutalisk x8  
  62  15:49  Mutalisk x3  
  68  15:59  Mutalisk x2  
  68  16:04  Zergling x4  
  74  16:06  Overseer x2  
  74  16:09  Hatchery  
  73  16:35  Mutalisk x6  
  73  16:36  Mutalisk  
  87  16:44  Mutalisk  
  89  16:48  Spore Crawler  
  87  16:55  Mutalisk x2  
  91  17:02  Zergling x4  
  91  17:03  Zergling x6  
  89  17:26  Zergling x2  
  89  17:27  Zergling x10  
  95  17:32  Mutalisk x2  
  97  18:02  Mutalisk x3  
  103  18:14  Drone x3  
  103  18:19  Baneling Nest  
  105  18:20  Drone  
  105  18:21  Drone x2  
  108  18:34  Zergling x14  
  78  19:01  Mutalisk x2  
  70  19:03  Zergling x8  
  70  19:04  Zergling x12  
  70  19:06  Queen, Extractor  
  70  19:08  Extractor  
  73  19:19  Mutalisk  
  73  19:22  Zergling x8  
  78  19:31  Zergling x8  
  76  19:48  Mutalisk x2  
  76  19:50  Zergling x12  
  84  20:08  Zergling x14  
  84  20:12  Evolution Chamber  
  80  20:32  Zergling x2  
  80  20:33  Zergling x20  
  68  20:54  Zergling x6  
  68  20:55  Zergling x8  
  72  21:08  Drone x7  
  79  21:17  Drone x3  
  82  21:19  Zerg Melee Weapons Level 1  
  82  21:21  Hatchery  
  81  21:26  Evolution Chamber  
  80  21:33  Centrifical Hooks  
  80  21:38  Hydralisk  
  80  21:39  Hydralisk x6  
  94  21:48  Drone  
  94  21:49  Drone x5  
  100  21:59  Baneling  
  100  22:00  Baneling x7  
  100  22:01  Baneling  
  100  22:02  Zergling x2  
  100  22:03  Zergling x2  
  102  22:20  Baneling  
  102  22:21  Baneling x5  
  102  22:22  Baneling x2  
  100  22:30  Hydralisk x2  
  104  22:37  Lurker  
  104  22:43  Drone, Extractor  
  104  22:44  Drone x10, Extractor  
  114  22:50  Baneling  
  114  22:51  Baneling x5  
  114  23:19  Lurker x3  
  117  23:27  Drone x13  
  118  23:28  Drone x3  
  133  23:49  Overseer  
  114  24:10  Hydralisk x9  
  114  24:11  Hydralisk x3  
  114  24:15  Overlord x3  
  137  24:18  Overseer x5  
  137  24:19  Overseer x3  
  137  24:22  Lurker  
  138  24:32  Zergling x6  
  138  24:37  Lurker x2  
  143  24:40  Zergling x10  
  143  24:44  Baneling  
  143  24:45  Baneling x8  
  108  25:31  Zergling x18  
  108  25:32  Zergling x12  
  106  25:45  Baneling x14  
  106  25:46  Baneling x3  
  56  26:04  Zergling x14  
  55  26:05  Baneling  
  55  26:06  Baneling x5  
  61  26:19  Zergling x2  
  61  26:20  Zergling x8  
  31  26:55  Zergling x2  
  31  26:56  Zergling x10  
  16  27:19  Zergling x2  
  16  27:20  Zergling x6  
  12  27:50  Zergling x12  
  18  27:53  Queen  
  18  27:55  Drone  
  21  28:03  Zergling x8  
  25  28:13  Zergling x4  
  25  28:18  Queen  
  26  28:29  Zergling x10  
  31  28:37  Zergling x2  
  32  28:47  Zergling x4  
  34  29:14  Zergling x12  
  35  29:34  Zergling x2  
  35  29:35  Zergling x10  
Tags
 
Add a new tag
Caveats
  • Supply blocks, unpowered buildings, or Contaminate may cause inaccurate times.
  • Supply counts are checked every 10 seconds.